 Dungeon Crawl Stone Soup version 0.19.5 (webtiles) character file.

892 devil0150 the Cudgeler (level 8, -1/58 HPs)
             Began as a Human Necromancer on Apr 8, 2017.
             Was a Follower of Yredelemnul.
             Killed by divine providence
             ... invoked by an orc priest
              (16 damage)
             ... on level 5 of the Dungeon.
             The game lasted 00:45:31 (6089 turns).

devil0150 the Cudgeler (Human Necromancer)          Turns: 6089, Time: 00:45:32

Health: -1/58      AC:  9    Str: 10    XL:     8   Next: 27%
Magic:  12/12      EV: 14    Int: 17    God:    Yredelemnul [*.....]
Gold:   228        SH:  0    Dex: 13    Spells: 4 memorised, 5 levels left

rFire  + . .     SeeInvis .     g - +1 mace (protect)
rCold  . . .     Gourm    .     a - +0 robe
rNeg   . . .     Faith    .     (no shield)
rPois  .         Spirit   .     (helmet restricted)
rElec  .         Reflect  .     (no cloak)
rCorr  .         Harm     .     (no gloves)
MR     .....     Clarity  +     y - +2 pair of boots
Stlth  ++........               (no amulet)
                                E - ring of protection from fire
                                e - +3 ring of protection

@: no status effects
A: horns 1, clarity, shaggy fur 1
a: Animate Remains, Renounce Religion


You were on level 5 of the Dungeon.
You worshipped Yredelemnul.
Yredelemnul was aware of your devotion.
You were not hungry.

You visited 2 branches of the dungeon, and saw 6 of its levels.

You collected 228 gold pieces.

Inventory:

Hand Weapons
 g - a +1 mace of protection (weapon)
 h - a +0 mace of protection
 i - a +0 spear
 j - a +0 club
 k - a +0 dagger
 l - a +0 short sword
 s - a +0 dagger
 t - a +0 dagger (quivered)
 u - a +3 hand axe
 x - a +0 dagger
 B - a cursed -2 dagger
 C - a +0 dagger
 G - a cursed -1 dagger
 H - a +0 blowgun
 L - a +0 falchion of slicing
 N - a +0 shortbow
Missiles
 F - 4 tomahawks
 I - 24 poisoned needles
 O - 21 arrows
Armour
 a - a +0 robe (worn)
 d - a +0 robe
 w - a cursed +0 robe
 y - a +2 pair of boots (worn)
 D - a +0 robe
 M - a +0 robe
Magical Staves
 Q - an uncursed staff of earth
Jewellery
 e - a +3 ring of protection (left hand)
 E - a ring of protection from fire (right hand)
Scrolls
 f - a scroll of noise
 q - 3 scrolls of enchant armour
 r - a scroll of remove curse
 v - a scroll of teleportation
Potions
 m - 2 potions of lignification
 n - 2 potions of brilliance
 z - a potion of berserk rage
 A - 2 potions of heal wounds {unknown}
 K - a potion of magic
Books
 b - a book of Necromancy

   Spells                             Type                      Level
   a - Pain                           Necromancy                   1
   b - Animate Skeleton               Necromancy                   1
   c - Vampiric Draining              Necromancy                   3
   d - Regeneration                   Charms/Necromancy            3
   e - Animate Dead                   Necromancy                   4
   f - Control Undead                 Necromancy                   4
Comestibles
 c - 3 bread rations
 p - 2 meat rations
 J - 2 royal jellies


   Skills:
 + Level 3.0 Fighting
 + Level 5.4 Maces & Flails
 + Level 3.8 Dodging
 + Level 3.1 Stealth
 + Level 3.3 Spellcasting
 + Level 5.2 Necromancy


You had 5 spell levels left.
You knew the following spells:

 Your Spells              Type           Power        Failure   Level  Hunger
a - Pain                  Necr           ###.         1%          1    None
b - Animate Skeleton      Necr           N/A          1%          1    None
c - Regeneration          Chrm/Necr      ##........   21%         3    ###....
d - Vampiric Draining     Necr           ###.......   8%          3    ###....


Dungeon Overview and Level Annotations

Branches:
Dungeon (5/15)             Temple (1/1) D:4

Altars:
Ashenzari
Cheibriados
Dithmenos
Elyvilon
Fedhas
Gozag
Hepliaklqana
Kikubaaqudgha
Makhleb
Nemelex Xobeh
Okawaru
Qazlal
Ru
Sif Muna
Trog
Uskayaw
Vehumet
Xom
Yredelemnul
Zin
The Shining One

Shops:
D:5 }


Innate Abilities, Weirdness & Mutations

You have a pair of small horns on your head.
You possess an exceptional clarity of mind.
You are covered in fur. (AC +1)


Message History

The orc priest hits you but does no damage.
Items here: $ )))) ? [[[ †† You closely miss the orc priest.
The gnoll closely misses you. The orc priest completely misses you.
You barely miss the orc priest. The gnoll closely misses you.
The orc priest closely misses you. The gnoll barely misses you.
The orc priest barely misses you. The gnoll barely misses you.
Items here: $ )))) ? [[[ †† The orc priest calls down the wrath of Beogh upon you.
Beogh smites you!
* * * LOW HITPOINT WARNING * * *
The gnoll closely misses you.
Casting: Pain
Confirm with . or Enter, or press ? or * to list all spells.
Okay, then.
The orc priest calls down the wrath of Beogh upon you.
Beogh smites you!
You die...
Your body rises from the dead as a mindless zombie.

#. #h# #..# #.... ....###.#
#.## #.##o
.......o#######.##########.##.
..............................
..#..##.#######.##########.##.
##. #.......og..........)... .
...#####)###...####..### .
....# ###.# #.#)...## ..
..#..# #.@.# #...####
...#..>##.########...##
....#.#....##..<....#..#
#.#..##...########.#
#.#...#.### #.# #.##....# #.#
#.......# #.# #...>..## #..
#......# ##.


You could see an orc priest and a gnoll.

Vanquished Creatures
  A black bear (D:4)
  2 ogres
  A centaur (D:5)
  A scorpion (D:4)
  A howler monkey (D:5)
  A crimson imp (D:5)
  An orc priest (D:4)
  4 orc wizards
  An iguana (D:5)
  2 worker ants (D:4)
  Robin (D:3)
  An adder (D:4)
  2 gnolls
  4 worms
  2 dart slugs (D:1)
  3 leopard geckos
  26 orcs
  5 giant cockroaches
  14 goblins
  12 hobgoblins
  10 jackals
  A quokka (D:4)
  A ball python (D:4)
  7 bats
  5 frilled lizards
  6 kobolds
  2 quokka skeletons
  5 rats
122 creatures vanquished.

Vanquished Creatures (collateral kills)
  An ooze (D:3)
  A leopard gecko (D:3)
  A giant cockroach (D:4)
  2 goblins
  A ball python (D:3)
  A quokka zombie (D:5)
  2 rats (D:1)
9 creatures vanquished.

Vanquished Creatures (others)
  An orc wizard (D:5)
1 creature vanquished.

Grand Total: 132 creatures vanquished

Notes
Turn   | Place    | Note
-------+----------+-------------------------------------------
     0 | D:1      | devil0150 the Human Necromancer began the quest for the Orb.
     0 | D:1      | Reached XP level 1. HP: 13/13 MP: 3/3
    96 | D:1      | Learned a level 1 spell: Animate Skeleton
   136 | D:1      | Reached XP level 2. HP: 19/19 MP: 5/5
   529 | D:1      | Reached XP level 3. HP: 19/24 MP: 4/6
  1268 | D:2      | Reached skill level 1 in Maces & Flails
  1657 | D:2      | Reached XP level 4. HP: 30/31 MP: 7/7
  1663 | D:2      | Reached skill level 1 in Fighting
  2125 | D:3      | Reached XP level 5. HP: 37/37 MP: 6/8
  2264 | D:3      | Noticed Robin
  2295 | D:3      | Killed Robin
  3291 | D:3      | Found an opulent altar of Gozag.
  3357 | D:3      | Learned a level 3 spell: Regeneration
  3361 | D:3      | Learned a level 3 spell: Vampiric Draining
  3582 | D:4      | Found a staircase to the Ecumenical Temple.
  3616 | Temple   | Entered the Ecumenical Temple
  3741 | Temple   | Became a worshipper of Yredelemnul the Dark
  3985 | D:4      | Reached XP level 6. HP: 23/44 MP: 9/9
  4197 | D:4      | Noticed a black bear
  4209 | D:4      | Killed a black bear
  4592 | D:4      | Reached XP level 7. HP: 27/50 MP: 8/10
  5218 | D:4      | Gained mutation: You possess an exceptional clarity of mind. [potion of mutation]
  5218 | D:4      | Gained mutation: You have a pair of small horns on your head. [potion of mutation]
  5218 | D:4      | Gained mutation: You are covered in fur. (AC +1) [potion of mutation]
  5399 | D:5      | Entered Level 5 of the Dungeon
  5416 | D:5      | Found Tihic's Gadget Boutique.
  5469 | D:5      | Reached skill level 5 in Necromancy
  5477 | D:5      | Reached skill level 5 in Maces & Flails
  5477 | D:5      | Reached XP level 8. HP: 22/57 MP: 0/12
  6076 | D:5      | Reached * piety under Yredelemnul
  6089 | D:5      | Killed from afar by an orc priest

Skill      XL: |  1  2  3  4  5  6  7  8 |
---------------+-------------------------+-----
Maces & Flails | 1 2 4 5 |  5.4
Fighting       | 1 2 3 |  3.0
Dodging        | 3 |  3.8
Stealth        | 3 |  3.1
Spellcasting   | 3 |  3.3
Necromancy     | 5 |  5.2

Action                   |  1- 3 |  4- 6 |  7- 9 || total
-------------------------+-------+-------+-------++-------
Melee: Mace              |   132 |   261 |   154 ||   547
       Headbutt          |       |       |    13 ||    13
 Cast: Animate Skeleton  |     3 |    14 |     2 ||    19
       Pain              |     1 |    12 |     5 ||    18
       Vampiric Draining |       |     2 |     2 ||     4
  Use: Scroll            |     3 |     3 |     3 ||     9
       Potion            |       |     1 |     6 ||     7
 Stab: Sleeping          |     3 |     1 |       ||     4
  Eat: Chunk             |     1 |    11 |     5 ||    17
       Beef jerky        |     1 |       |       ||     1
Armor: Robe              |    61 |   104 |    78 ||   243
Dodge: Dodged            |    94 |   200 |   122 ||   416
